 Dungeon Crawl Stone Soup version 0.30.0-30-g96aa6591b8 (webtiles) character file.

Game seed: 2054213205440789320

806 Arctor the Sneak (level 7, -1/40 HPs)
             Began as a Gargoyle Hedge Wizard on June 28, 2023.
             Slain by an orc
             ... wielding a +0 trident
              (2 damage)
             ... on level 5 of the Dungeon.
             The game lasted 00:05:14 (3845 turns).

Arctor the Sneak (Gargoyle Hedge Wizard)            Turns: 3845, Time: 00:05:16

Health: -1/40      AC: 12    Str: 22    XL:     7   Next: 91%
Magic:  0/13       EV: 13    Int: 16    God:
Gold:   187        SH:  0    Dex: 15    Spells: 11/14 levels left

rFire   . . .        m - +0 spear of the Thirteen Portals {freeze, *Slow Str+8 Dex+6}
rCold   + + .        (no shield)
rNeg    + . .        r - +1 robe of Patience {rC+}
rPois   ∞            c - +0 hat
rElec   +            o - +0 cloak
rCorr   .            e - +0 pair of gloves
SInv    .            q - +2 pair of boots
Will    .....        a - amulet of guardian spirit
Stlth   +++          f - ring of protection from cold
HPRegen 0.26/turn    (no ring)
MPRegen 0.13/turn

%: slow self (1%), guardian spirit
@: no status effects
A: sickness immunity, AC +4, negative energy resistance 1, electricity
resistance, torment resistance 1, petrification resistance
a: no special abilities


You were on level 5 of the Dungeon.
You visited 1 branch of the dungeon, and saw 5 of its levels.

You collected 187 gold pieces.

Inventory:

Hand Weapons
 i - a +4 short sword
 m - the +0 spear of the Thirteen Portals (weapon) {freeze, *Slow Str+8 Dex+6}
   (You took it off a kobold on level 2 of the Dungeon)

   Str:       It affects your strength (+8).
   Dex:       It affects your dexterity (+6).
   *Slow:     It may slow you when you take damage.
Armour
 c - a +0 hat (worn)
 e - a +0 pair of gloves (worn)
 o - a +0 cloak (worn)
 q - a +2 pair of boots (worn)
 r - the +1 robe of Patience (worn) {rC+}
   (You found it on level 3 of the Dungeon)

   rC:        It protects you from cold.
Jewellery
 a - an amulet of guardian spirit (around neck)
 f - a ring of protection from cold (left hand)
Scrolls
 b - a scroll of poison {unknown}
 g - 3 scrolls of amnesia
 j - a scroll of fear {unknown}
 k - a scroll of fog {unknown}
 n - a scroll of blinking {unknown}
 p - a scroll of enchant weapon {unknown}
 t - a scroll of identify
Potions
 d - a potion of magic
 h - a potion of flight
 l - a potion of curing
 s - 2 potions of heal wounds {unknown}
 u - a potion of brilliance {unknown}
 v - a potion of experience {unknown}


   Skills:
 + Level 2.9 Fighting
 + Level 2.2 Polearms
 + Level 3.0 Dodging
 + Level 4.2 Stealth
 + Level 4.0 Spellcasting
 + Level 3.4 Conjurations
 + Level 2.6 Summonings
 + Level 2.8 Translocations


You had 11 spell levels left.
You knew the following spells:

 Your Spells              Type           Power      Damage    Failure   Level
a - Magic Dart            Conj           56%        1d5       4%          1
b - Blink                 Tloc           24%        N/A       8%          2

Your spell library contained the following spells:

 Spells                   Type           Power      Damage    Failure   Level
 Momentum Strike          Conj/Tloc      26%        3d8       7%          2
 Lesser Beckoning         Tloc           24%        N/A       8%          2
 Kiss of Death            Conj/Necr      32%        2d7       9%          1
 Call Imp                 Summ           22%        N/A       9%          2
 Slow                     Hex            12%        N/A       17%         1
 Mephitic Cloud           Conj/Pois/Air  6%         N/A       32%         3
 Confusing Touch          Hex            3%         N/A       45%         3
 Dispel Undead            Necr           3%         3d7       86%         4
 Cigotuvi's Dreadful Rot  Necr/Pois/Air  Unusable   N/A       N/A         2

Dungeon Overview and Level Annotations

Branches:
Dungeon (5/15)
 Temple: D:4-7

Altars:
Yredelemnul

Annotations:
D:5 Blork the orc


Innate Abilities, Weirdness & Mutations

You are immune to sickness and miasma.
Your stone body is resilient. (AC +4)
You are immune to poison.
You resist negative energy. (rN+)
You are resistant to electric shocks. (rElec)
You are resistant to unholy torment.
You are immune to petrification.


Message History

You hit Blork the orc but do no damage.
Blork the orc is heavily wounded.
Blork the orc closely misses you. The orc closely misses you.
Blork the orc hits you with a +0 short sword.
You hit Blork the orc.
Blork the orc is heavily wounded.
Blork the orc hits you but does no damage.
The orc hits you but does no damage.
You hit Blork the orc. You freeze Blork the orc.
Blork the orc is severely wounded.
Blork the orc gestures at you while chanting.
The puff of frost hits you. You resist.
* * * LOW HITPOINT WARNING * * *
Blork the orc misses you. The orc closely misses you.
You hit Blork the orc but do no damage.
Blork the orc is severely wounded.
Blork the orc barely misses you. The orc misses you.
You hit Blork the orc.
Blork the orc is severely wounded.
Blork the orc closely misses you. The orc closely misses you.
Blork the orc closely misses you.
You hit Blork the orc but do no damage.
Blork the orc is severely wounded.
Blork the orc is no longer moving quickly.
Blork the orc closely misses you.
The orc hits you from afar with a +0 trident.
* * * LOW HITPOINT WARNING * * *
You hit Blork the orc but do no damage.
Blork the orc is severely wounded.
Blork the orc gestures at you while chanting.
The magic dart hits you but does no damage.
The orc hits you but does no damage.
You barely miss Blork the orc.
Blork the orc is severely wounded.
Blork the orc screams, "You are the ugliest creature I've ever seen!"
Blork the orc points at you and mumbles some strange words.
The magic dart hits you!
* * * LOW HITPOINT WARNING * * *
The orc hits you from afar with a +0 trident.
You die...

.. .# .#
########.#
.......>.######
#<..){.......
#o# #o# #@#
#.######
#......#
######.## #..#
##.# #.## #..##
##..##


You could see Blork the orc and an orc.

Vanquished Creatures
  A centaur (D:5)
  An ogre (D:4)
  A phantom (D:4)
  2 scorpions (D:5)
  2 orc priests (D:5)
  2 hounds (D:4)
  A jelly (D:4)
  A scorpion zombie (D:4)
  2 orc wizards (D:5)
  2 hound zombies (D:4)
  7 gnolls
  5 adders
  2 adder zombies (D:4)
  11 orcs
  3 bats
  8 endoplasms
  4 giant cockroaches
  4 goblins
  8 hobgoblins
  2 jackals (D:4)
  4 quokkas
  7 ball pythons
  2 frilled lizards (D:2)
  7 kobolds
  3 rats
92 creatures vanquished.

Notes
Turn   | Place    | Note
-------+----------+-------------------------------------------
     0 | D:1      | Arctor the Gargoyle Hedge Wizard began the quest for the
                  | Orb.
     0 | D:1      | Reached XP level 1. HP: 10/10 MP: 4/4
   116 | D:1      | Reached skill level 1 in Summonings
   166 | D:1      | Reached skill level 1 in Translocations
   340 | D:1      | Reached XP level 2. HP: 11/15 MP: 0/6
  1210 | D:2      | Reached XP level 3. HP: 20/20 MP: 0/7
  1285 | D:2      | Learned a level 2 spell: Blink
  1410 | D:2      | Found a faded altar of an unknown god.
  1521 | D:2      | Identified the +0 spear of the Thirteen Portals {freeze,
                  | *Slow Str+8 Dex+6}
  1631 | D:2      | Reached XP level 4. HP: 24/24 MP: 8/8
  1718 | D:2      | Reached skill level 1 in Fighting
  2386 | D:3      | Identified the +1 robe of Patience {rC+}
  2568 | D:3      | Reached XP level 5. HP: 16/29 MP: 4/9
  2735 | D:4      | Reached skill level 1 in Polearms
  2984 | D:4      | Reached XP level 6. HP: 35/35 MP: 11/11
  3268 | D:4      | Found a basalt altar of Yredelemnul.
  3359 | D:4      | Reached XP level 7. HP: 18/40 MP: 5/12
  3504 | D:5      | Entered Level 5 of the Dungeon
  3819 | D:5      | Noticed Blork the orc
  3845 | D:5      | HP: 1/40 [Blork the orc/magic dart (7)]
  3845 | D:5      | Slain by an orc

Illustrated notes

Levels and vault maps discovered:
D:1:      minmay_arrival_three_doors, layout_loops_corners, minivault_19,
          minivault_25, minmay_misc_feat_roman
D:2:      layout_basic, shapermc_ecumenical_altar_starsandcircs
D:3:      layout_rooms, minmay_misc_feat_more_columns
D:4:      layout_basic, nicolae_yredelemnul_corpse_copse
D:5:      layout_basic, minmay_temple_entry_gardened_gates, uniq_blork_the_orc

Skill      XL: |  1  2  3  4  5  6  7 |
---------------+----------------------+-----
Summonings     | 1 2 |  2.6
Translocations | 1 2 |  2.8
Fighting       | 1 2 |  2.9
Dodging        | 2 3 |  3.0
Stealth        | 3 4 |  4.2
Conjurations   | 2 3 |  3.4
Polearms       | 1 2 |  2.2
Spellcasting   | 4 |  4.0

Action                     |  1- 3 |  4- 6 |  7- 9 || total
---------------------------+-------+-------+-------++-------
  Melee: Dagger            |    20 |       |       ||    20
         Punch             |     2 |     1 |       ||     3
         Short sword       |    27 |       |       ||    27
         Spear             |     8 |   249 |   120 ||   377
   Cast: Magic Dart        |    57 |       |       ||    57
    Use: Scroll            |       |     4 |       ||     4
   Stab: Sleeping          |     3 |     9 |     1 ||    13
 Armour: Robe              |    14 |   100 |    73 ||   187
  Dodge: Dodged            |    36 |   169 |    94 ||   299
